 Dungeon Crawl Stone Soup version 0.31-a0-971-g75a2e9a4b4 (webtiles) character file.

Game seed: 13921102354736852275

661 BinkBink the Ruffian (level 7, -1/67 HPs)
             Began as a Troll Shapeshifter on Oct 28, 2023.
             Slain by a +4 dire flail of flaming (7 damage)
             ... created by the rancor of the Wu Jian Council
             ... on level 5 of the Dungeon.
             The game lasted 00:06:29 (3735 turns).

BinkBink the Ruffian (Troll Shapeshifter)           Turns: 3735, Time: 00:06:31

Health: -1/67      AC:  4    Str: 23    XL:     7   Next: 30%
Magic:  6/6        EV: 10    Int:  6    God:
Gold:   212        SH:  0    Dex: 11    Spells: 6/6 levels left

rFire   . .          .
                       - Unarmed
rCold   . . .        (no shield)
rNeg    . . .        a - +0 animal skin
rPois   .            (helmet currently unavailable)
rElec   .            (cloak currently unavailable)
rCorr   .            (gloves unavailable)
SInv    .            (boots unavailable)
Will    +....        (no amulet)
Stlth   +            k - ring of willpower
HPRegen 1.11/turn    (no ring)
MPRegen 0.10/turn

%: no passive effects
@: beast-form, spiked
A: beast (slay +2), large, unfitting armour, claws 3, regeneration 1, shaggy fur
1, tough skin 1
a: Begin Untransformation


You were on level 5 of the Dungeon.
You were a hulking beast.
You visited 2 branches of the dungeon, and saw 6 of its levels.

You collected 212 gold pieces.

Inventory:

Armour
 a - a +0 animal skin (worn)
Jewellery
 h - a +6 ring of intelligence
 k - a ring of willpower (left claw)
 n - a ring of fire
Talismans
 c - a beast talisman (active)
 d - a flux talisman
Scrolls
 b - a scroll of enchant weapon
 f - a scroll of amnesia
 i - a scroll of teleportation
 m - a scroll of vulnerability
 p - a scroll of butterflies
Potions
 g - a potion of enlightenment {unknown}
 j - a potion of invisibility {unknown}
 l - a potion of attraction {unknown}
 o - a potion of might {unknown}
 q - a potion of curing {unknown}
 r - a potion of heal wounds {unknown}


   Skills:
 + Level 3.3 Fighting
 + Level 3.6 Dodging
 + Level 4.9 Unarmed Combat
 + Level 4.6 Shapeshifting


You had 6 spell levels left.
You didn't know any spells.
Your spell library contained the following spells:

 Spells                   Type           Power      Damage    Failure   Level
 Summon Small Mammal      Summ           0%         N/A       45%         1
 Lesser Beckoning         Tloc           0%         N/A       58%         2
 Call Canine Familiar     Summ           0%         N/A       83%         3
 Gell's Gravitas          Tloc           0%         N/A       83%         3
 Summon Guardian Golem    Hex/Summ       0%         N/A       83%         3
 Teleport Other           Tloc           0%         N/A       83%         3


Dungeon Overview and Level Annotations

Branches:
Dungeon (5/15)             Temple (1/1) D:4

Altars:
Cheibriados
Elyvilon
Fedhas
Gozag
Hepliaklqana
Kikubaaqudgha
Makhleb
Nemelex Xobeh
Sif Muna
Uskayaw
Wu Jian
Zin

Shops:
D:1 =

Annotations:
D:3 1 runed translucent door, Crazy Yiuf


Innate Abilities, Weirdness & Mutations

You are a hulking beast.
Your limbs bulge with bestial killing power. (Slay +2)
You are too large for most types of armour.
You have claws for hands.
Your natural rate of healing is unusually fast.
You are covered in fur. (AC +1)
You have tough skin. (AC +1)


Message History

The scorpion poisons you!
You claw the scorpion!
You kill the scorpion!
You feel very sick.
No target in view!
No target in view!
You feel very sick.
You feel sick.
You feel sick.
You feel sick.
You feel sick.
You feel sick.
You feel sick.
You feel sick.
You feel sick.
You are no longer poisoned.
HP restored.
You now have 212 gold pieces (gained 8).
Found a sparkling altar of Nemelex Xobeh.
Sifu Gene Jian Bin says: Die by a thousand cuts! 5 dancing weapons come into view.
There is a +3 glaive of flaming.
There is a +4 dire flail of flaming.
There is a +1 quarterstaff of electrocution.
There is a +3 quarterstaff of electrocution.
There is a +1 heavy quarterstaff.
You claw the +1 heavy quarterstaff!
You destroy the +1 heavy quarterstaff!
That felt strangely unrewarding.
You scratch the +1 quarterstaff of electrocution but do no damage.
You scratch the +1 quarterstaff of electrocution.
The +1 quarterstaff of electrocution is heavily damaged.
The +3 quarterstaff of electrocution hits you.
The +1 quarterstaff of electrocution closely misses you.
The +3 glaive of flaming hits you from afar!!
The +3 glaive of flaming burns you.
You scratch the +1 quarterstaff of electrocution.
The +1 quarterstaff of electrocution is severely damaged.
The +3 quarterstaff of electrocution hits you!
The +1 quarterstaff of electrocution hits you.
The +4 dire flail of flaming hits you!
* * * LOW HITPOINT WARNING * * *
The +4 dire flail of flaming burns you!
You die...

### #.# ### #.# ##.#
#####.####.## ...........#
......<....# #..........#
#..........######################
#............#(.h(...............
..............#.((#...#...#...#..
...........##..................._
...........####...#...#...#...#..
..........## #...................
....... ####################
....... .....#.


You could see 4 dancing weapons.

Vanquished Creatures
  21 dancing weapons
  Duvessa (D:4)
  A scorpion (D:5)
  Dowan (D:4)
  A hound (D:4)
  An orc priest (D:4)
  3 iron imps (D:3)
  Terence (D:3)
  An iguana (D:4)
  Natasha (thrice) (D:3)
  3 gnolls (D:3)
  6 adders
  3 worms (D:2)
  7 dart slugs
  An orc (D:4)
  7 ball pythons
  8 bats
  6 endoplasms
  3 giant cockroaches
  12 goblins
  6 hobgoblins
  6 kobolds
  5 quokkas
  4 frilled lizards
  6 rats
117 creatures vanquished.

Notes
Turn   | Place    | Note
-------+----------+-------------------------------------------
     0 | D:1      | BinkBink the Troll Shapeshifter began the quest for the
                  | Orb.
     0 | D:1      | Reached XP level 1. HP: 18/18 MP: 0/0
    52 | D:1      | Reached skill level 1 in Fighting
   125 | D:1      | Reached XP level 2. HP: 24/27 MP: 1/1
   426 | D:1      | Found Qougraed's Jewellery Shop.
   503 | D:1      | Reached XP level 3. HP: 33/33 MP: 2/2
   902 | D:2      | Found a faded altar of an unknown god.
   946 | D:2      | Prayed at the altar of an unknown god.
   946 | D:2      | Became a worshipper of the Wu Jian Council
   946 | D:2      | Reached * piety under Wu Jian
   947 | D:2      | Fell from the grace of Wu Jian
   960 | D:2      | Found a burning altar of Makhleb.
  1104 | D:2      | Noticed a phantom
  1246 | D:2      | Reached XP level 4. HP: 32/42 MP: 3/3
  1253 | D:2      | Noticed a +1 broad axe of flaming
  1253 | D:2      | Noticed a +2 glaive of speed
  1253 | D:2      | Noticed a +0 quarterstaff of electrocution
  1253 | D:2      | Noticed a +1 great sword of freezing
  1259 | D:2      | Killed a +1 broad axe of flaming
  1264 | D:2      | Killed a +0 quarterstaff of electrocution
  1265 | D:2      | Killed a +1 great sword of freezing
  1267 | D:2      | Killed a +2 glaive of speed
  1585 | D:2      | Noticed a +3 heavy quarterstaff
  1585 | D:2      | Noticed a +1 broad axe of speed
  1585 | D:2      | Noticed a +2 quarterstaff of speed
  1588 | D:2      | Killed a +3 heavy quarterstaff
  1591 | D:2      | Killed a +1 broad axe of speed
  1592 | D:2      | Killed a +2 quarterstaff of speed
  1709 | D:3      | Noticed Terence
  1716 | D:3      | Killed Terence
  1765 | D:3      | Found a burning altar of Makhleb.
  1786 | D:3      | Reached XP level 5. HP: 32/49 MP: 4/4
  1874 | D:3      | Noticed Natasha
  1880 | D:3      | Killed Natasha
  2045 | D:3      | Noticed Natasha
  2050 | D:3      | Killed Natasha
  2072 | D:3      | Reached XP level 6. HP: 10/59 MP: 5/5
  2355 | D:3      | Noticed Natasha
  2361 | D:3      | Killed Natasha
  2386 | D:3      | Found a runed translucent door.
  2387 | D:3      | Noticed Crazy Yiuf
  2652 | D:3      | Noticed a +4 rapier of flaming
  2652 | D:3      | Noticed a +3 glaive of speed
  2652 | D:3      | Noticed a +1 heavy rapier
  2652 | D:3      | Noticed a +2 heavy glaive
  2652 | D:3      | Noticed a +3 heavy great sword
  2656 | D:3      | Killed a +2 heavy glaive
  2660 | D:3      | Killed a +4 rapier of flaming
  2662 | D:3      | Killed a +3 glaive of speed
  2664 | D:3      | Killed a +3 heavy great sword
  2667 | D:3      | Killed a +1 heavy rapier
  2675 | D:3      | Noticed a +4 dire flail of freezing
  2675 | D:3      | Noticed a +4 heavy rapier
  2675 | D:3      | Noticed a +1 great sword of flaming
  2675 | D:3      | Noticed a +0 quarterstaff of speed
  2675 | D:3      | Noticed a +1 broad axe of flaming
  2677 | D:3      | Killed a +4 heavy rapier
  2678 | D:3      | Killed a +1 great sword of flaming
  2679 | D:3      | Killed a +0 quarterstaff of speed
  2680 | D:3      | Killed a +1 broad axe of flaming
  2682 | D:3      | Killed a +4 dire flail of freezing
  2709 | D:3      | Noticed a +0 rapier of electrocution
  2709 | D:3      | Noticed a +2 broad axe of electrocution
  2709 | D:3      | Noticed a +1 broad axe of flaming
  2709 | D:3      | Killed a +1 broad axe of flaming
  2715 | D:3      | Killed a +0 rapier of electrocution
  2722 | D:3      | Killed a +2 broad axe of electrocution
  2873 | D:4      | Found a staircase to the Ecumenical Temple.
  2882 | Temple   | Entered the Ecumenical Temple
  3421 | D:4      | Noticed Dowan
  3477 | D:4      | Noticed Duvessa
  3485 | D:4      | Killed Duvessa
  3486 | D:4      | Reached XP level 7. HP: 54/67 MP: 6/6
  3494 | D:4      | HP: 3/67 [Dowan/+2 dagger of freezing (7)]
  3495 | D:4      | Killed Dowan
  3647 | D:5      | Entered Level 5 of the Dungeon
  3720 | D:5      | Found a sparkling altar of Nemelex Xobeh.
  3732 | D:5      | Noticed a +3 glaive of flaming
  3732 | D:5      | Noticed a +4 dire flail of flaming
  3732 | D:5      | Noticed a +1 quarterstaff of electrocution
  3732 | D:5      | Noticed a +3 quarterstaff of electrocution
  3732 | D:5      | Noticed a +1 heavy quarterstaff
  3732 | D:5      | Killed a +1 heavy quarterstaff
  3735 | D:5      | Slain by a +4 dire flail of flaming

Illustrated notes

Levels and vault maps discovered:
D:1:      dpeg_arrival_tiny_a, layout_loops_corners, serial_shops,
          nicolae_shop_pleasant_corner_grove
D:2:      layout_basic, shapermc_ecumenical_altar_ellora, serial_corexii_hall,
          corexii_hall_statues_i, chequers_hall_statues_corner_a,
          chequers_hall_statues_y, basic_altar, lightli_corner_chamber
D:3:      layout_basic, demons_altar, uniq_terence, uniq_crazy_yiuf_cottage,
          uniq_natasha
D:4:      layout_loops_ring, minmay_temple_entry_proselytizer,
          solitary_fountain, minmay_misc_feat_four_crosses, serial_bayou_pond_a,
          uniq_duvessa
D:5:      layout_layer_cave, lemuel_coloured_pillars_altar, serial_shops,
          nicolae_shop_trees
Temple:   nicolae_temple_two_arcs

Skill      XL: |  1  2  3  4  5  6 |
---------------+-------------------+-----
Fighting       | 1 2 3 |  3.3
Dodging        | 2 3 |  3.6
Unarmed Combat | 4 |  4.9
Shapeshifting  | 4 |  4.6

Action                     |  1- 3 |  4- 6 |  7- 9 || total
---------------------------+-------+-------+-------++-------
  Melee: Unarmed           |    94 |   165 |    19 ||   278
         Punch             |     2 |     3 |       ||     5
 Invoke: Renounce Religion |     1 |       |       ||     1
    Use: Potion            |       |     1 |       ||     1
         Scroll            |       |       |     5 ||     5
   Stab: Sleeping          |     2 |     1 |       ||     3
 Armour: Animal skin       |    49 |    80 |    19 ||   148
         Skin              |       |    24 |       ||    24
  Dodge: Dodged            |    40 |    70 |     7 ||   117
   Form: Beast             |     1 |       |       ||     1

Table legend: (Time is in decaauts)
 A = Elapsed time spent in this place.
 B = Non-inter-level travel time spent in this place.
 C = Inter-level travel time spent in this place.
 D = Time resting spent in this place.
 E = Time spent auto-exploring this place.
 F = Levels seen in this place.
 G = Mean time per level.
                   A        B        C        D        E       F      G
               +--------+--------+--------+--------+--------+-----+--------+
         Total |   3735 |   3609 |    126 |    389 |   2511 |   6 |  622.5 |
       Dungeon |   3689 |   3607 |     82 |    389 |   2511 |   5 |  737.8 |
        Temple |     45 |      1 |     44 |      0 |      0 |   1 |   45.0 |
               +--------+--------+--------+--------+--------+-----+--------+

Top non-repeatable levels by time:
     D:3: 1146 daAuts
     D:1: 877 daAuts
     D:2: 830 daAuts
     D:4: 755 daAuts
     D:5: 80 daAuts
  Temple: 45 daAuts
